[ AOE2 MATCH · #460692864 ]
UnrankedVikings vs Byzantines
[ REPLAY ANALYSIS · EXTRACTED FROM THE RECORDED GAME ]
Feudal
13:39
Castle
22:36
Imperial
35:27
| APM avg | 21.4 |
| APM peak | 35 |
| eAPM avg | 15.1 |
| Villagers / military | 89 / 18 |
Focus
⚔️ 31.1% · 🌾 68.9%
Militia ×5 · Trebuchet (Packed) ×4 · Mangonel ×3 · Scorpion ×3 · Monk ×2 · Battering Ram ×1
Feudal
12:50
Castle
17:34
Imperial
35:51
| APM avg | 29.3 |
| APM peak | 66 |
| eAPM avg | 22.6 |
| Villagers / military | 160 / 260 |
Focus
⚔️ 43.1% · 🌾 56.9%
Woad Raider ×256 · Trebuchet (Packed) ×4
Feudal
13:39
Castle
18:55
Imperial
36:22
| APM avg | 38.0 |
| APM peak | 89 |
| eAPM avg | 20.6 |
| Villagers / military | 114 / 57 |
Focus
⚔️ 34.5% · 🌾 65.5%
Rattan Archer ×50 · Trebuchet (Packed) ×5 · Monk ×2
Feudal
14:56
Castle
18:31
Imperial
33:22
| APM avg | 26.3 |
| APM peak | 61 |
| eAPM avg | 16.5 |
| Villagers / military | 111 / 173 |
Focus
⚔️ 24.0% · 🌾 76.0%
Eagle Scout ×100 · Militia ×72 · Jaguar Warrior ×1
Feudal
12:36
Castle
16:36
Imperial
36:09
| APM avg | 41.2 |
| APM peak | 68 |
| eAPM avg | 23.8 |
| Villagers / military | 185 / 159 |
Focus
⚔️ 37.1% · 🌾 62.9%
Magyar Huszar ×89 · Cavalry Archer ×47 · Knight ×12 · Petard ×4 · Skirmisher ×3 · Trebuchet (Packed) ×3
Feudal
11:34
Castle
28:07
Imperial
36:03
| APM avg | 30.5 |
| APM peak | 79 |
| eAPM avg | 16.4 |
| Villagers / military | 96 / 37 |
Focus
⚔️ 29.3% · 🌾 70.7%
Archer ×26 · Skirmisher ×7 · Knight ×1 · Mangonel ×1 · Spearman ×1 · Trebuchet (Packed) ×1
Feudal
13:50
Castle
17:35
Imperial
37:55
| APM avg | 26.4 |
| APM peak | 60 |
| eAPM avg | 16.2 |
| Villagers / military | 125 / 61 |
Focus
⚔️ 30.6% · 🌾 69.4%
Unknown (2586) ×107 · Archer ×55 · Petard ×5 · Monk ×1
Feudal
13:55
Castle
18:40
Imperial
30:48
| APM avg | 20.8 |
| APM peak | 38 |
| eAPM avg | 14.6 |
| Villagers / military | 117 / 54 |
Focus
⚔️ 29.5% · 🌾 70.5%
Cataphract ×49 · Monk ×3 · Trebuchet (Packed) ×2
Match map
Initial resources + every placement click. Lines = walls · curves = elevation contours. ◆ gold · ⬟ stone · ● berries · ✦ relic · ◌ wall gap
Your base· Open — 6t gap
YuhArtyKnow's base· Open — unwalled flank
青隐's base· Open — 6t gap
JAxys's base· Open — unwalled flank
Frama's base· Open — unwalled flank
AC Adapter's base· Open — unwalled flank
VanillaCoke's base· Open — unwalled flank
Black Forest Gump's base· Open — 10t gap
Smoothed initial terrain · ◌ = detected wall gap · hover for details
Inputs per minute
— M L F 6 - - YuhArtyKnow
Build order — M L F 6
First 150 of 226 actions detected
| 0:19 | Build | Town Center |
| 2:33 | Create | Villager (Male) |
| 2:33 | Create | Villager (Male) |
| 2:34 | Create | Villager (Male) |
| 2:34 | Create | Villager (Male) |
| 3:00 | Build | House |
| 4:26 | Create | Villager (Male) |
| 4:26 | Create | Villager (Male) |
| 4:33 | Research | Loom |
| 4:46 | Create | Villager (Male) |
| 5:02 | Build | House |
| 5:05 | Create | Villager (Male) |
| 5:36 | Build | Palisade Wall |
| 5:56 | Create | Villager (Male) |
| 6:10 | Build | House |
| 6:12 | Build | Palisade Wall |
| 6:13 | Create | Villager (Male) |
| 6:35 | Create | Villager (Male) |
| 6:48 | Create | Villager (Male) |
| 6:50 | Create | Villager (Male) |
| 7:33 | Create | Villager (Male) |
| 7:33 | Create | Villager (Male) |
| 7:52 | Build | House |
| 8:51 | Create | Villager (Male) |
| 10:05 | Create | Villager (Male) |
| 10:06 | Create | Villager (Male) |
| 10:06 | Create | Villager (Male) |
| 10:21 | Build | Mining Camp |
| 10:25 | Build | Mill |
| 10:33 | Build | House |
| 11:29 | Research | Feudal Age |
| 11:31 | Build | House |
| 12:37 | Build | Palisade Wall |
| 12:39 | Create | Villager (Male) |
| 12:39 | Create | Villager (Male) |
| 12:57 | Build | Lumber Camp |
| 13:09 | Create | Villager (Male) |
| 13:39 | Age | Feudal Age |
| 14:24 | Build | Barracks |
| 14:25 | Create | Villager (Male) |
| 14:33 | Build | Watch Tower |
| 15:05 | Create | Villager (Male) |
| 15:13 | Build | House |
| 15:28 | Research | Town Watch |
| 15:46 | Build | Mining Camp |
| 16:01 | Build | Outpost |
| 16:30 | Build | Watch Tower |
| 17:22 | Build | Blacksmith |
| 17:24 | Create | Villager (Male) |
| 17:24 | Create | Villager (Male) |
| 18:13 | Create | Villager (Male) |
| 18:25 | Build | Market |
| 18:31 | Build | Palisade Wall |
| 18:37 | Build | Palisade Wall |
| 18:41 | Create | Villager (Male) |
| 18:48 | Research | Fletching |
| 19:56 | Research | Castle Age |
| 21:14 | Build | Archery Range |
| 21:45 | Build | Farm |
| 21:48 | Build | Farm |
| 21:51 | Build | Farm |
| 21:53 | Build | Farm |
| 22:03 | Build | Farm |
| 22:36 | Age | Castle Age |
| 22:42 | Build | Siege Workshop |
| 23:10 | Create | Villager (Male) |
| 23:39 | Build | Castle |
| 23:50 | Create | Scorpion |
| 24:01 | Create | Villager (Male) |
| 24:02 | Create | Villager (Male) |
| 24:21 | Create | Villager (Male) |
| 24:33 | Build | Lumber Camp |
| 25:10 | Create | Villager (Male) |
| 25:38 | Create | Villager (Male) |
| 25:40 | Build | Farm |
| 25:58 | Create | Villager (Male) |
| 26:01 | Create | Mangonel |
| 26:16 | Create | Villager (Male) |
| 26:20 | Build | Farm |
| 26:23 | Build | Farm |
| 26:28 | Build | Farm |
| 26:30 | Build | Farm |
| 26:42 | Create | Villager (Male) |
| 27:06 | Build | Monastery |
| 27:08 | Create | Villager (Male) |
| 27:16 | Create | Mangonel |
| 27:30 | Create | Villager (Male) |
| 27:33 | Build | Farm |
| 27:59 | Create | Villager (Male) |
| 28:21 | Create | Villager (Male) |
| 28:39 | Create | Villager (Male) |
| 28:42 | Create | Battering Ram |
| 28:44 | Create | Mangonel |
| 28:49 | Create | Monk |
| 29:02 | Create | Villager (Male) |
| 29:06 | Build | Farm |
| 29:09 | Build | Farm |
| 29:11 | Create | Villager (Male) |
| 29:15 | Build | Farm |
| 29:21 | Build | Farm |
| 29:23 | Build | Farm |
| 29:26 | Build | Farm |
| 29:28 | Create | Villager (Male) |
| 29:46 | Build | Farm |
| 30:10 | Create | Villager (Male) |
| 30:47 | Build | Town Center |
| 30:58 | Build | House |
| 31:00 | Build | House |
| 31:02 | Build | House |
| 31:04 | Build | House |
| 31:07 | Create | Villager (Male) |
| 32:17 | Research | Imperial Age |
| 32:31 | Create | Villager (Male) |
| 32:56 | Create | Villager (Male) |
| 32:58 | Research | Double-Bit Axe |
| 33:14 | Create | Villager (Male) |
| 33:23 | Create | Villager (Male) |
| 33:23 | Create | Villager (Male) |
| 33:24 | Create | Villager (Male) |
| 34:12 | Create | Villager (Male) |
| 34:17 | Build | University |
| 34:19 | Research | Gold Mining |
| 34:24 | Build | Farm |
| 34:25 | Build | Farm |
| 34:27 | Build | Farm |
| 34:31 | Create | Villager (Male) |
| 34:31 | Create | Villager (Male) |
| 34:32 | Create | Villager (Male) |
| 34:37 | Research | Bodkin Arrow |
| 35:15 | Research | Bow Saw |
| 35:27 | Age | Imperial Age |
| 35:29 | Create | Trebuchet (Packed) |
| 35:29 | Create | Trebuchet (Packed) |
| 35:51 | Build | Mining Camp |
| 36:00 | Research | Chemistry |
| 36:01 | Create | Villager (Male) |
| 36:03 | Create | Villager (Male) |
| 36:03 | Create | Villager (Male) |
| 36:11 | Build | Farm |
| 36:32 | Create | Trebuchet (Packed) |
| 36:34 | Create | Villager (Male) |
| 36:34 | Create | Villager (Male) |
| 36:35 | Create | Villager (Male) |
| 36:59 | Create | Villager (Male) |
| 37:05 | Create | Scorpion |
| 37:06 | Create | Scorpion |
| 37:10 | Create | Villager (Male) |
| 37:18 | Build | Mining Camp |
| 37:20 | Create | Villager (Male) |
| 37:45 | Create | Villager (Male) |
Build order — YuhArtyKnow
First 150 of 577 actions detected
| 0:18 | Build | Town Center |
| 1:03 | Build | House |
| 1:05 | Build | Palisade Wall |
| 1:20 | Build | Palisade Wall |
| 1:25 | Build | Palisade Wall |
| 1:57 | Build | House |
| 2:21 | Research | Loom |
| 2:21 | Create | Villager (Male) |
| 2:21 | Create | Villager (Male) |
| 2:21 | Create | Villager (Male) |
| 2:22 | Create | Villager (Male) |
| 2:22 | Create | Villager (Male) |
| 3:57 | Create | Villager (Male) |
| 3:57 | Create | Villager (Male) |
| 4:03 | Build | House |
| 4:10 | Build | House |
| 4:18 | Build | House |
| 4:59 | Create | Villager (Male) |
| 4:59 | Create | Villager (Male) |
| 5:02 | Create | Villager (Male) |
| 5:02 | Create | Villager (Male) |
| 5:20 | Create | Villager (Male) |
| 5:34 | Build | House |
| 5:40 | Create | Villager (Male) |
| 5:40 | Create | Villager (Male) |
| 6:12 | Create | Villager (Male) |
| 6:22 | Create | Villager (Male) |
| 6:29 | Create | Villager (Male) |
| 6:29 | Create | Villager (Male) |
| 7:23 | Create | Villager (Male) |
| 7:23 | Create | Villager (Male) |
| 7:25 | Create | Villager (Male) |
| 7:26 | Create | Villager (Male) |
| 7:37 | Build | Mill |
| 7:41 | Build | House |
| 7:52 | Create | Villager (Male) |
| 8:50 | Build | Mill |
| 9:03 | Create | Villager (Male) |
| 9:17 | Create | Villager (Male) |
| 9:17 | Create | Villager (Male) |
| 9:31 | Create | Villager (Male) |
| 9:39 | Build | Mining Camp |
| 10:11 | Create | Villager (Male) |
| 10:40 | Research | Feudal Age |
| 10:42 | Create | Villager (Male) |
| 11:29 | Create | Villager (Male) |
| 12:15 | Build | House |
| 12:50 | Age | Feudal Age |
| 12:52 | Build | Market |
| 13:00 | Build | Blacksmith |
| 13:06 | Research | Town Watch |
| 13:39 | Create | Villager (Male) |
| 14:07 | Build | Mill |
| 14:54 | Research | Castle Age |
| 14:54 | Research | Castle Age |
| 14:55 | Research | Castle Age |
| 15:13 | Build | Lumber Camp |
| 15:42 | Research | Double-Bit Axe |
| 15:42 | Research | Double-Bit Axe |
| 15:53 | Research | Horse Collar |
| 16:25 | Create | Villager (Male) |
| 16:25 | Create | Villager (Male) |
| 17:34 | Age | Castle Age |
| 17:44 | Build | Town Center |
| 17:46 | Create | Villager (Male) |
| 18:03 | Build | Town Center |
| 18:07 | Create | Villager (Male) |
| 18:20 | Research | Bow Saw |
| 18:46 | Build | Farm |
| 18:56 | Create | Villager (Male) |
| 19:02 | Research | Wheelbarrow |
| 19:15 | Create | Villager (Male) |
| 19:16 | Create | Villager (Male) |
| 19:21 | Build | Farm |
| 19:27 | Create | Villager (Male) |
| 19:31 | Build | Farm |
| 19:48 | Create | Villager (Male) |
| 19:48 | Create | Villager (Male) |
| 19:59 | Create | Villager (Male) |
| 20:03 | Build | Farm |
| 20:07 | Create | Villager (Male) |
| 20:10 | Build | Farm |
| 20:13 | Create | Villager (Male) |
| 20:17 | Build | House |
| 20:18 | Build | House |
| 20:26 | Create | Villager (Male) |
| 20:39 | Build | Farm |
| 20:41 | Build | Farm |
| 20:43 | Create | Villager (Male) |
| 20:51 | Create | Villager (Male) |
| 21:00 | Create | Villager (Male) |
| 21:01 | Create | Villager (Male) |
| 21:05 | Build | Farm |
| 21:08 | Build | Farm |
| 21:09 | Create | Villager (Male) |
| 21:09 | Create | Villager (Male) |
| 21:18 | Build | Farm |
| 21:29 | Build | Farm |
| 21:33 | Build | House |
| 21:34 | Build | House |
| 21:45 | Build | Palisade Wall |
| 21:46 | Build | Palisade Wall |
| 21:48 | Create | Villager (Male) |
| 21:48 | Create | Villager (Male) |
| 21:49 | Create | Villager (Male) |
| 21:49 | Create | Villager (Male) |
| 21:49 | Create | Villager (Male) |
| 21:54 | Build | Mining Camp |
| 22:04 | Create | Villager (Male) |
| 22:04 | Create | Villager (Male) |
| 22:08 | Build | Farm |
| 22:11 | Build | Farm |
| 22:13 | Build | Farm |
| 22:17 | Create | Villager (Male) |
| 22:17 | Create | Villager (Male) |
| 22:17 | Create | Villager (Male) |
| 22:23 | Build | Farm |
| 22:29 | Build | Farm |
| 22:33 | Build | Farm |
| 22:34 | Create | Villager (Male) |
| 22:34 | Create | Villager (Male) |
| 22:55 | Research | Stone Mining |
| 22:56 | Create | Villager (Male) |
| 22:56 | Create | Villager (Male) |
| 23:00 | Build | Farm |
| 23:01 | Build | Farm |
| 23:02 | Create | Villager (Male) |
| 23:04 | Build | Farm |
| 23:10 | Build | House |
| 23:11 | Build | House |
| 23:14 | Create | Villager (Male) |
| 23:14 | Create | Villager (Male) |
| 23:26 | Create | Villager (Male) |
| 23:26 | Create | Villager (Male) |
| 23:35 | Create | Villager (Male) |
| 23:35 | Create | Villager (Male) |
| 23:40 | Build | Barracks |
| 23:45 | Create | Villager (Male) |
| 23:48 | Build | House |
| 23:54 | Build | Lumber Camp |
| 24:04 | Create | Villager (Male) |
| 24:04 | Create | Villager (Male) |
| 24:06 | Create | Villager (Male) |
| 24:21 | Create | Villager (Male) |
| 24:21 | Create | Villager (Male) |
| 24:24 | Create | Villager (Male) |
| 24:24 | Create | Villager (Male) |
| 24:28 | Build | House |
| 24:29 | Build | House |
| 24:29 | Build | House |
Build order — 青隐
First 150 of 282 actions detected
| 0:49 | Build | Town Center |
| 1:03 | Build | Palisade Wall |
| 1:07 | Build | Palisade Wall |
| 2:41 | Create | Villager (Male) |
| 2:41 | Create | Villager (Male) |
| 2:42 | Create | Villager (Male) |
| 2:42 | Create | Villager (Male) |
| 2:50 | Build | House |
| 3:27 | Build | House |
| 4:06 | Create | Villager (Male) |
| 4:07 | Create | Villager (Male) |
| 4:07 | Create | Villager (Male) |
| 4:11 | Build | House |
| 4:34 | Build | House |
| 4:46 | Create | Villager (Male) |
| 4:47 | Create | Villager (Male) |
| 4:56 | Build | House |
| 5:11 | Create | Villager (Male) |
| 5:12 | Create | Villager (Male) |
| 5:33 | Research | Loom |
| 5:55 | Build | House |
| 6:04 | Create | Villager (Male) |
| 6:05 | Create | Villager (Male) |
| 6:11 | Build | House |
| 6:16 | Create | Villager (Male) |
| 6:28 | Build | House |
| 6:44 | Create | Villager (Male) |
| 6:56 | Create | Villager (Male) |
| 7:57 | Build | Lumber Camp |
| 8:01 | Build | Lumber Camp |
| 8:02 | Create | Villager (Male) |
| 8:02 | Create | Villager (Male) |
| 8:12 | Create | Villager (Male) |
| 8:24 | Create | Villager (Male) |
| 9:21 | Create | Villager (Male) |
| 9:52 | Build | Mill |
| 10:10 | Create | Villager (Male) |
| 10:38 | Build | Mining Camp |
| 10:38 | Create | Villager (Male) |
| 10:45 | Build | House |
| 10:50 | Create | Villager (Male) |
| 10:59 | Build | House |
| 11:14 | Research | Feudal Age |
| 11:16 | Build | House |
| 11:30 | Build | Mill |
| 11:38 | Create | Villager (Male) |
| 12:58 | Build | House |
| 13:01 | Build | Palisade Wall |
| 13:15 | Build | Palisade Wall |
| 13:17 | Build | Palisade Wall |
| 13:21 | Build | Palisade Wall |
| 13:23 | Build | Palisade Wall |
| 13:25 | Build | Palisade Wall |
| 13:34 | Create | Villager (Male) |
| 13:39 | Age | Feudal Age |
| 13:59 | Build | Market |
| 14:01 | Create | Villager (Male) |
| 14:32 | Create | Villager (Male) |
| 14:38 | Build | Palisade Wall |
| 14:58 | Build | Palisade Gate |
| 15:05 | Create | Villager (Male) |
| 15:37 | Build | Blacksmith |
| 15:44 | Create | Villager (Male) |
| 16:15 | Research | Castle Age |
| 16:16 | Research | Castle Age |
| 16:42 | Build | House |
| 16:43 | Build | House |
| 16:51 | Research | Double-Bit Axe |
| 16:51 | Research | Double-Bit Axe |
| 16:57 | Build | Farm |
| 16:59 | Build | Farm |
| 17:01 | Build | Farm |
| 17:05 | Build | Farm |
| 17:10 | Build | Farm |
| 17:12 | Build | Palisade Wall |
| 17:49 | Build | Farm |
| 17:54 | Build | Farm |
| 18:07 | Build | Palisade Wall |
| 18:22 | Research | Horse Collar |
| 18:47 | Create | Villager (Male) |
| 18:55 | Age | Castle Age |
| 19:07 | Build | Castle |
| 19:16 | Create | Villager (Male) |
| 19:30 | Build | Stone Wall |
| 19:33 | Create | Villager (Male) |
| 19:51 | Build | Palisade Wall |
| 19:59 | Create | Villager (Male) |
| 20:19 | Create | Rattan Archer |
| 20:19 | Create | Rattan Archer |
| 20:27 | Create | Villager (Male) |
| 20:43 | Create | Rattan Archer |
| 20:54 | Build | Farm |
| 20:56 | Build | Farm |
| 20:59 | Build | Farm |
| 21:00 | Build | Farm |
| 21:04 | Create | Rattan Archer |
| 21:29 | Research | Fletching |
| 21:37 | Create | Villager (Male) |
| 21:57 | Create | Villager (Male) |
| 22:00 | Create | Rattan Archer |
| 22:16 | Create | Villager (Male) |
| 22:31 | Build | Town Center |
| 22:32 | Create | Rattan Archer |
| 22:42 | Create | Villager (Male) |
| 22:46 | Create | Rattan Archer |
| 22:50 | Create | Villager (Male) |
| 22:52 | Build | University |
| 22:58 | Create | Villager (Male) |
| 23:03 | Create | Villager (Male) |
| 23:34 | Build | Stone Wall |
| 23:48 | Create | Villager (Male) |
| 23:53 | Create | Villager (Male) |
| 23:58 | Create | Villager (Male) |
| 24:07 | Build | Town Center |
| 24:19 | Build | Stone Wall |
| 24:23 | Create | Villager (Male) |
| 24:25 | Create | Villager (Male) |
| 24:27 | Create | Rattan Archer |
| 25:05 | Research | Padded Archer Armor |
| 25:06 | Create | Rattan Archer |
| 25:07 | Create | Rattan Archer |
| 25:07 | Create | Rattan Archer |
| 25:09 | Create | Villager (Male) |
| 25:24 | Create | Rattan Archer |
| 25:33 | Create | Villager (Male) |
| 26:08 | Create | Villager (Male) |
| 26:10 | Research | Ballistics |
| 26:10 | Research | Ballistics |
| 26:12 | Create | Villager (Male) |
| 26:16 | Build | Farm |
| 26:16 | Build | Farm |
| 26:17 | Build | Farm |
| 26:17 | Build | Farm |
| 26:18 | Create | Villager (Male) |
| 26:21 | Build | Farm |
| 26:22 | Build | Farm |
| 26:37 | Create | Villager (Male) |
| 26:42 | Create | Villager (Male) |
| 26:45 | Create | Rattan Archer |
| 26:46 | Create | Rattan Archer |
| 26:51 | Build | Farm |
| 27:04 | Build | Gate |
| 27:26 | Create | Rattan Archer |
| 27:29 | Create | Villager (Male) |
| 27:30 | Create | Rattan Archer |
| 27:33 | Create | Villager (Male) |
| 28:29 | Create | Villager (Male) |
| 28:30 | Create | Villager (Male) |
| 28:32 | Create | Villager (Male) |
| 28:35 | Create | Rattan Archer |
Build order — JAxys
First 150 of 276 actions detected
| 0:18 | Build | Town Center |
| 2:30 | Create | Villager (Male) |
| 2:30 | Create | Villager (Male) |
| 2:31 | Create | Villager (Male) |
| 2:31 | Create | Villager (Male) |
| 2:46 | Build | House |
| 3:11 | Research | Loom |
| 4:26 | Build | House |
| 4:28 | Build | House |
| 4:51 | Create | Villager (Male) |
| 5:08 | Build | Mill |
| 5:17 | Build | House |
| 5:43 | Create | Villager (Male) |
| 5:43 | Create | Villager (Male) |
| 6:20 | Create | Villager (Male) |
| 6:20 | Create | Villager (Male) |
| 6:52 | Create | Villager (Male) |
| 6:52 | Create | Villager (Male) |
| 7:09 | Create | Villager (Male) |
| 7:38 | Create | Villager (Male) |
| 8:11 | Create | Villager (Male) |
| 8:26 | Create | Villager (Male) |
| 8:26 | Create | Villager (Male) |
| 8:26 | Create | Villager (Male) |
| 8:41 | Build | Mining Camp |
| 9:12 | Create | Villager (Male) |
| 9:29 | Create | Villager (Male) |
| 9:30 | Create | Villager (Male) |
| 9:35 | Create | Villager (Male) |
| 10:42 | Create | Villager (Male) |
| 10:42 | Create | Villager (Male) |
| 11:00 | Create | Villager (Male) |
| 11:33 | Create | Villager (Male) |
| 12:40 | Research | Feudal Age |
| 13:03 | Build | House |
| 13:33 | Create | Villager (Male) |
| 13:33 | Create | Villager (Male) |
| 13:44 | Build | Palisade Wall |
| 13:47 | Build | Palisade Wall |
| 13:49 | Build | Palisade Wall |
| 14:56 | Age | Feudal Age |
| 15:02 | Build | Market |
| 15:09 | Build | Blacksmith |
| 15:12 | Build | House |
| 15:51 | Research | Castle Age |
| 16:11 | Build | Palisade Wall |
| 16:16 | Build | Palisade Gate |
| 16:33 | Build | Lumber Camp |
| 16:45 | Build | Palisade Wall |
| 16:47 | Build | Palisade Wall |
| 16:58 | Research | Double-Bit Axe |
| 16:58 | Research | Double-Bit Axe |
| 18:31 | Age | Castle Age |
| 18:36 | Build | Town Center |
| 18:45 | Build | Town Center |
| 18:49 | Create | Villager (Male) |
| 18:49 | Create | Villager (Male) |
| 18:58 | Build | House |
| 19:12 | Build | Palisade Wall |
| 19:23 | Build | Farm |
| 19:23 | Build | Farm |
| 19:25 | Build | Farm |
| 19:26 | Build | Farm |
| 19:53 | Create | Villager (Male) |
| 20:03 | Create | Villager (Male) |
| 20:13 | Create | Villager (Male) |
| 20:14 | Create | Villager (Male) |
| 20:14 | Create | Villager (Male) |
| 20:16 | Create | Villager (Male) |
| 20:58 | Create | Villager (Male) |
| 20:58 | Create | Villager (Male) |
| 21:11 | Create | Villager (Male) |
| 21:17 | Build | Farm |
| 21:32 | Create | Villager (Male) |
| 21:42 | Build | Farm |
| 21:44 | Create | Villager (Male) |
| 21:45 | Create | Villager (Male) |
| 21:45 | Create | Villager (Male) |
| 21:45 | Create | Villager (Male) |
| 21:55 | Research | Horse Collar |
| 22:21 | Build | Farm |
| 22:22 | Build | Farm |
| 22:28 | Build | Castle |
| 22:33 | Create | Villager (Male) |
| 22:35 | Build | Farm |
| 22:35 | Build | Farm |
| 22:35 | Build | Farm |
| 22:41 | Create | Villager (Male) |
| 22:50 | Build | Farm |
| 22:58 | Build | Farm |
| 22:58 | Build | Farm |
| 22:58 | Build | Farm |
| 22:58 | Build | Farm |
| 23:03 | Create | Villager (Male) |
| 23:11 | Create | Villager (Male) |
| 23:11 | Create | Villager (Male) |
| 23:16 | Build | House |
| 23:17 | Build | House |
| 23:20 | Build | House |
| 23:26 | Build | Farm |
| 23:36 | Research | Wheelbarrow |
| 23:39 | Create | Villager (Male) |
| 23:49 | Build | House |
| 23:56 | Create | Villager (Male) |
| 24:04 | Build | Farm |
| 24:05 | Build | Farm |
| 24:20 | Create | Villager (Male) |
| 24:21 | Create | Villager (Male) |
| 24:22 | Build | House |
| 24:24 | Build | House |
| 24:30 | Build | Farm |
| 24:30 | Build | Farm |
| 24:30 | Build | Farm |
| 24:31 | Create | Villager (Male) |
| 24:31 | Create | Villager (Male) |
| 24:49 | Build | Farm |
| 24:52 | Create | Villager (Male) |
| 24:52 | Create | Villager (Male) |
| 24:53 | Create | Villager (Male) |
| 25:15 | Create | Villager (Male) |
| 25:23 | Create | Villager (Male) |
| 25:28 | Build | House |
| 25:29 | Build | House |
| 25:41 | Build | Farm |
| 25:42 | Build | Farm |
| 25:45 | Create | Villager (Male) |
| 25:46 | Create | Villager (Male) |
| 25:47 | Create | Villager (Male) |
| 25:47 | Create | Villager (Male) |
| 26:01 | Create | Villager (Male) |
| 26:01 | Create | Villager (Male) |
| 26:02 | Create | Villager (Male) |
| 26:13 | Research | Hand Cart |
| 26:14 | Create | Villager (Male) |
| 26:14 | Create | Villager (Male) |
| 26:14 | Create | Villager (Male) |
| 26:25 | Research | Gold Mining |
| 26:36 | Build | Mill |
| 26:37 | Build | Farm |
| 26:37 | Build | Farm |
| 26:37 | Build | Farm |
| 26:37 | Build | Farm |
| 26:38 | Build | Farm |
| 26:38 | Build | Farm |
| 26:45 | Create | Villager (Male) ×3 |
| 26:51 | Build | House |
| 26:52 | Build | House |
| 26:53 | Build | House |
| 26:54 | Build | House |
| 26:55 | Build | House |
Build order — Frama
First 150 of 525 actions detected
| 0:22 | Build | Town Center |
| 0:29 | Build | House |
| 2:28 | Create | Villager (Male) |
| 2:28 | Create | Villager (Male) |
| 2:28 | Create | Villager (Male) |
| 2:29 | Create | Villager (Male) |
| 2:29 | Create | Villager (Male) |
| 3:05 | Build | House |
| 3:20 | Build | House |
| 4:03 | Create | Villager (Male) |
| 4:04 | Create | Villager (Male) |
| 4:22 | Create | Villager (Male) |
| 4:23 | Create | Villager (Male) |
| 4:44 | Create | Villager (Male) |
| 4:50 | Build | House |
| 4:59 | Create | Villager (Male) |
| 4:59 | Create | Villager (Male) |
| 5:18 | Build | House |
| 5:33 | Create | Villager (Male) |
| 5:39 | Build | House |
| 5:47 | Build | House |
| 5:58 | Create | Villager (Male) |
| 5:58 | Create | Villager (Male) |
| 6:08 | Create | Villager (Male) |
| 6:30 | Create | Villager (Male) |
| 6:31 | Create | Villager (Male) |
| 6:42 | Build | House |
| 7:19 | Create | Villager (Male) |
| 7:19 | Create | Villager (Male) |
| 7:20 | Create | Villager (Male) |
| 7:45 | Create | Villager (Male) |
| 7:59 | Create | Villager (Male) |
| 8:08 | Build | Mill |
| 8:13 | Build | House |
| 8:29 | Build | House |
| 8:35 | Build | Palisade Wall |
| 9:07 | Create | Villager (Male) |
| 9:16 | Build | Mining Camp |
| 10:00 | Research | Loom |
| 10:13 | Research | Feudal Age |
| 11:02 | Create | Villager (Male) |
| 11:03 | Create | Villager (Male) |
| 12:36 | Age | Feudal Age |
| 12:37 | Build | Market |
| 12:39 | Build | Blacksmith |
| 12:54 | Build | Mill |
| 13:14 | Build | House |
| 13:19 | Create | Villager (Male) |
| 13:56 | Research | Castle Age |
| 14:02 | Build | Lumber Camp |
| 14:32 | Research | Double-Bit Axe |
| 15:28 | Build | Barracks |
| 15:59 | Research | Fletching |
| 16:03 | Create | Villager (Male) |
| 16:22 | Build | Archery Range |
| 16:36 | Age | Castle Age |
| 16:40 | Create | Villager (Male) |
| 16:41 | Create | Villager (Male) |
| 16:46 | Build | Town Center |
| 17:08 | Create | Cavalry Archer |
| 17:10 | Create | Cavalry Archer |
| 17:11 | Create | Villager (Male) |
| 17:38 | Create | Villager (Male) |
| 17:41 | Build | House |
| 17:44 | Create | Villager (Male) |
| 17:52 | Build | Farm |
| 17:53 | Build | Farm |
| 18:05 | Create | Villager (Male) |
| 18:06 | Create | Villager (Male) |
| 18:08 | Build | House |
| 18:13 | Build | House |
| 18:15 | Build | Palisade Wall |
| 18:16 | Create | Skirmisher |
| 18:17 | Create | Villager (Male) |
| 18:24 | Create | Cavalry Archer |
| 18:48 | Create | Villager (Male) |
| 18:48 | Create | Villager (Male) |
| 18:51 | Build | Farm |
| 18:52 | Build | Farm |
| 18:53 | Create | Cavalry Archer |
| 19:08 | Build | Farm |
| 19:09 | Build | Farm |
| 19:13 | Create | Villager (Male) |
| 19:13 | Create | Villager (Male) |
| 19:22 | Create | Cavalry Archer |
| 19:35 | Build | Farm |
| 19:37 | Build | Farm |
| 19:37 | Create | Villager (Male) |
| 19:52 | Create | Cavalry Archer |
| 19:53 | Create | Villager (Male) |
| 20:00 | Create | Cavalry Archer |
| 20:14 | Create | Villager (Male) |
| 20:23 | Create | Cavalry Archer |
| 20:25 | Build | House |
| 20:26 | Build | House |
| 20:27 | Create | Villager (Male) |
| 20:30 | Create | Villager (Male) |
| 20:31 | Create | Villager (Male) |
| 20:33 | Build | Farm |
| 20:43 | Create | Cavalry Archer |
| 20:52 | Build | Farm |
| 20:56 | Build | Farm |
| 20:56 | Create | Villager (Male) |
| 21:02 | Create | Villager (Male) |
| 21:02 | Create | Villager (Male) |
| 21:08 | Create | Cavalry Archer |
| 21:17 | Create | Villager (Male) |
| 21:20 | Build | Farm |
| 21:27 | Create | Villager (Male) |
| 21:33 | Create | Villager (Male) |
| 21:38 | Create | Cavalry Archer |
| 21:43 | Build | Farm |
| 21:44 | Build | House |
| 21:54 | Create | Cavalry Archer |
| 22:01 | Create | Villager (Male) |
| 22:01 | Create | Villager (Male) |
| 22:08 | Build | Farm |
| 22:15 | Create | Villager (Male) |
| 22:17 | Build | House |
| 22:23 | Create | Villager (Male) |
| 22:23 | Create | Villager (Male) |
| 22:32 | Create | Villager (Male) |
| 22:44 | Build | Town Center |
| 22:47 | Build | House |
| 22:54 | Create | Villager (Male) |
| 22:55 | Create | Villager (Male) |
| 22:59 | Build | Farm |
| 23:10 | Create | Villager (Male) |
| 23:13 | Create | Cavalry Archer |
| 23:22 | Create | Cavalry Archer |
| 23:25 | Create | Villager (Male) |
| 23:33 | Create | Villager (Male) |
| 23:36 | Create | Villager (Male) |
| 23:36 | Create | Villager (Male) |
| 23:38 | Build | Farm |
| 23:47 | Build | Stable |
| 23:52 | Create | Villager (Male) |
| 23:58 | Create | Villager (Male) |
| 24:09 | Build | Farm |
| 24:11 | Create | Villager (Male) |
| 24:11 | Create | Villager (Male) |
| 24:14 | Build | Farm |
| 24:16 | Build | Farm |
| 24:19 | Create | Villager (Male) |
| 24:27 | Create | Villager (Male) |
| 24:27 | Create | Villager (Male) |
| 24:29 | Build | Farm |
| 24:38 | Create | Villager (Male) |
| 24:48 | Create | Villager (Male) |
| 24:59 | Create | Villager (Male) |
Build order — AC Adapter
First 150 of 255 actions detected
| 0:23 | Build | Town Center |
| 1:40 | Build | House |
| 2:45 | Create | Villager (Male) |
| 2:46 | Create | Villager (Male) |
| 2:52 | Create | Villager (Male) |
| 2:52 | Create | Villager (Male) |
| 4:14 | Research | Loom |
| 4:17 | Create | Villager (Male) |
| 4:34 | Build | House |
| 5:08 | Create | Villager (Male) |
| 5:08 | Create | Villager (Male) |
| 5:55 | Create | Villager (Male) |
| 5:56 | Create | Villager (Male) |
| 6:05 | Create | Villager (Male) |
| 6:11 | Build | Mill |
| 6:50 | Create | Villager (Male) |
| 6:50 | Create | Villager (Male) |
| 7:05 | Create | Villager (Male) |
| 7:13 | Build | House |
| 7:27 | Build | Mill |
| 7:47 | Build | Lumber Camp |
| 7:53 | Build | Lumber Camp |
| 7:55 | Create | Villager (Male) |
| 7:56 | Create | Villager (Male) |
| 8:12 | Create | Villager (Male) |
| 9:24 | Research | Feudal Age |
| 9:34 | Build | Mining Camp |
| 9:42 | Build | House |
| 10:29 | Build | Barracks |
| 11:10 | Create | Villager (Male) |
| 11:34 | Age | Feudal Age |
| 11:36 | Build | Archery Range |
| 11:37 | Create | Villager (Male) |
| 11:43 | Create | Villager (Male) |
| 12:03 | Create | Spearman |
| 12:20 | Build | Farm |
| 12:23 | Create | Villager (Male) |
| 12:40 | Create | Archer |
| 12:40 | Create | Archer |
| 12:54 | Create | Archer |
| 12:54 | Create | Villager (Male) |
| 13:11 | Build | House |
| 13:16 | Build | Farm |
| 13:34 | Create | Villager (Male) |
| 13:37 | Build | Farm |
| 13:46 | Build | House |
| 13:56 | Create | Archer |
| 14:07 | Create | Villager (Male) |
| 14:30 | Create | Villager (Male) |
| 14:40 | Build | Blacksmith |
| 14:56 | Create | Villager (Male) |
| 15:04 | Create | Archer |
| 15:08 | Create | Villager (Male) |
| 15:15 | Build | Farm |
| 15:16 | Build | Farm |
| 15:22 | Build | Palisade Wall |
| 15:24 | Create | Archer |
| 15:38 | Build | Farm |
| 15:41 | Build | Farm |
| 15:47 | Create | Villager (Male) |
| 15:59 | Build | Stone Wall |
| 16:05 | Create | Archer |
| 16:24 | Create | Villager (Male) |
| 16:39 | Create | Villager (Male) |
| 16:44 | Create | Archer |
| 16:57 | Build | House |
| 16:58 | Build | House |
| 17:14 | Create | Villager (Male) |
| 17:27 | Build | Farm |
| 17:30 | Create | Villager (Male) |
| 17:38 | Build | Watch Tower |
| 17:48 | Create | Villager (Male) |
| 17:52 | Create | Archer |
| 17:56 | Build | Farm |
| 17:57 | Build | Farm |
| 18:25 | Build | Farm |
| 18:26 | Build | Farm |
| 18:29 | Research | Double-Bit Axe |
| 19:10 | Create | Archer |
| 19:19 | Build | House |
| 19:24 | Create | Villager (Male) |
| 19:30 | Create | Villager (Male) |
| 19:47 | Create | Skirmisher |
| 19:48 | Create | Skirmisher |
| 20:20 | Create | Skirmisher |
| 20:23 | Research | Padded Archer Armor |
| 20:24 | Research | Fletching |
| 20:33 | Build | House |
| 20:37 | Create | Skirmisher |
| 20:48 | Build | House |
| 20:54 | Build | House |
| 21:04 | Create | Villager (Male) |
| 21:05 | Create | Villager (Male) |
| 21:11 | Create | Villager (Male) |
| 21:11 | Create | Villager (Male) |
| 21:20 | Create | Skirmisher |
| 21:21 | Create | Skirmisher |
| 21:26 | Research | Fletching |
| 21:30 | Build | Farm |
| 21:32 | Build | Farm |
| 21:35 | Build | Market |
| 21:38 | Create | Villager (Male) |
| 21:59 | Create | Skirmisher |
| 22:01 | Create | Villager (Male) |
| 22:05 | Build | Mill |
| 22:08 | Research | Horse Collar |
| 22:19 | Build | House |
| 22:22 | Build | House |
| 22:30 | Create | Villager (Male) |
| 22:39 | Build | Farm |
| 22:40 | Build | Farm |
| 22:40 | Build | Farm |
| 22:40 | Build | Farm |
| 22:40 | Build | Farm |
| 22:41 | Build | Farm |
| 22:41 | Build | Farm |
| 22:44 | Build | Farm |
| 22:44 | Build | Farm |
| 22:45 | Build | Farm |
| 22:45 | Build | Farm |
| 22:45 | Build | Farm |
| 23:04 | Build | House |
| 23:14 | Create | Villager (Male) |
| 23:14 | Create | Villager (Male) |
| 23:28 | Build | Lumber Camp |
| 24:16 | Build | Mining Camp |
| 25:21 | Build | House |
| 25:27 | Research | Castle Age |
| 26:08 | Create | Villager (Male) |
| 26:08 | Create | Villager (Male) |
| 26:13 | Research | Wheelbarrow |
| 26:30 | Build | House |
| 26:35 | Build | House |
| 26:59 | Create | Archer |
| 26:59 | Create | Archer |
| 26:59 | Create | Archer |
| 27:01 | Create | Villager (Male) |
| 27:02 | Create | Archer |
| 27:05 | Build | House |
| 27:34 | Build | Lumber Camp |
| 28:07 | Age | Castle Age |
| 28:17 | Build | Siege Workshop |
| 28:27 | Build | Siege Workshop |
| 28:31 | Build | House |
| 29:08 | Create | Mangonel |
| 29:10 | Create | Villager (Male) |
| 29:21 | Create | Villager (Male) |
| 29:21 | Create | Villager (Male) |
| 29:41 | Create | Villager (Male) |
| 29:48 | Create | Villager (Male) |
Build order — VanillaCoke
First 150 of 370 actions detected
| 1:02 | Build | Town Center |
| 1:30 | Build | House |
| 2:36 | Create | Villager (Male) |
| 2:37 | Create | Villager (Male) |
| 2:37 | Create | Villager (Male) |
| 2:37 | Create | Villager (Male) |
| 4:18 | Research | Loom |
| 4:53 | Create | Villager (Male) |
| 5:15 | Create | Villager (Male) |
| 5:26 | Build | House |
| 5:39 | Create | Villager (Male) |
| 5:40 | Create | Villager (Male) |
| 6:11 | Create | Villager (Male) |
| 6:40 | Create | Villager (Male) |
| 6:41 | Create | Villager (Male) |
| 6:51 | Build | House |
| 7:03 | Create | Villager (Male) |
| 7:46 | Build | Settlement |
| 7:50 | Create | Villager (Male) |
| 7:51 | Create | Villager (Male) |
| 7:57 | Create | Villager (Male) |
| 8:29 | Build | Settlement |
| 8:36 | Create | Villager (Male) |
| 8:37 | Create | Villager (Male) |
| 8:46 | Create | Villager (Male) |
| 8:56 | Create | Villager (Male) |
| 9:24 | Create | Villager (Male) |
| 9:48 | Create | Villager (Male) |
| 10:58 | Build | House |
| 11:14 | Create | Villager (Male) |
| 11:15 | Research | Feudal Age |
| 11:59 | Build | Settlement |
| 13:34 | Build | Farm |
| 13:43 | Create | Villager (Male) |
| 13:50 | Build | Farm |
| 13:50 | Age | Feudal Age |
| 14:02 | Build | Blacksmith |
| 14:13 | Build | Market |
| 14:55 | Research | Castle Age |
| 15:38 | Research | Horse Collar |
| 15:53 | Build | Farm |
| 15:55 | Build | Farm |
| 16:00 | Build | Farm |
| 16:04 | Build | Farm |
| 16:05 | Build | Farm |
| 16:31 | Research | Double-Bit Axe |
| 17:26 | Create | Villager (Male) |
| 17:35 | Age | Castle Age |
| 17:42 | Build | Town Center |
| 17:58 | Create | Villager (Male) |
| 18:05 | Build | Town Center |
| 18:20 | Build | Farm |
| 18:23 | Build | Farm |
| 18:26 | Build | Farm |
| 18:30 | Create | Villager (Male) |
| 18:31 | Create | Villager (Male) |
| 19:02 | Build | House |
| 19:07 | Create | Villager (Male) |
| 19:23 | Create | Villager (Male) |
| 19:25 | Build | Farm |
| 19:43 | Create | Villager (Male) |
| 19:43 | Create | Villager (Male) |
| 19:44 | Create | Villager (Male) |
| 19:54 | Build | Farm |
| 19:55 | Create | Villager (Male) |
| 20:05 | Build | House |
| 20:07 | Build | House |
| 20:10 | Build | Settlement |
| 20:14 | Create | Villager (Male) |
| 20:18 | Create | Villager (Male) |
| 20:18 | Create | Villager (Male) |
| 20:22 | Build | Farm |
| 20:34 | Create | Villager (Male) |
| 20:44 | Create | Villager (Male) |
| 20:45 | Create | Villager (Male) |
| 20:51 | Build | Barracks |
| 20:53 | Create | Villager (Male) |
| 20:58 | Create | Villager (Male) |
| 21:07 | Create | Villager (Male) |
| 21:08 | Create | Villager (Male) |
| 21:14 | Create | Villager (Male) |
| 21:22 | Build | Farm |
| 21:23 | Build | Farm |
| 21:30 | Research | Gold Mining |
| 21:32 | Create | Villager (Male) |
| 21:43 | Build | Monastery |
| 21:44 | Build | House |
| 21:45 | Create | Villager (Male) |
| 21:45 | Create | Villager (Male) |
| 22:10 | Build | House |
| 22:17 | Build | Archery Range |
| 22:20 | Create | Villager (Male) |
| 22:20 | Create | Villager (Male) |
| 22:21 | Create | Villager (Male) |
| 22:33 | Create | Villager (Male) |
| 22:34 | Create | Villager (Male) |
| 22:51 | Create | Villager (Male) |
| 22:51 | Create | Villager (Male) |
| 23:03 | Create | Villager (Male) |
| 23:12 | Create | Monk |
| 23:13 | Create | Villager (Male) |
| 23:26 | Build | Archery Range |
| 23:33 | Build | Archery Range |
| 23:34 | Create | Villager (Male) |
| 23:34 | Create | Villager (Male) |
| 23:35 | Create | Villager (Male) |
| 23:50 | Build | University |
| 23:53 | Build | House |
| 23:54 | Build | House |
| 23:55 | Create | Villager (Male) |
| 23:55 | Create | Villager (Male) |
| 23:56 | Create | Villager (Male) |
| 24:12 | Create | Villager (Male) |
| 24:13 | Create | Villager (Male) |
| 24:20 | Build | Farm |
| 24:23 | Build | Farm |
| 24:26 | Build | Farm |
| 24:28 | Build | Farm |
| 24:28 | Create | Villager (Male) |
| 24:36 | Build | Settlement |
| 24:44 | Create | Villager (Male) |
| 25:08 | Research | Crossbowman (upgrade) |
| 25:09 | Create | Archer |
| 25:09 | Create | Archer |
| 25:10 | Create | Archer |
| 25:16 | Create | Villager (Male) |
| 25:16 | Create | Villager (Male) |
| 25:25 | Build | Farm |
| 25:26 | Build | Farm |
| 25:26 | Build | Farm |
| 25:26 | Build | Farm |
| 25:26 | Build | Farm |
| 25:34 | Create | Villager (Male) |
| 25:34 | Create | Villager (Male) |
| 25:46 | Build | Gate |
| 25:53 | Build | House |
| 25:58 | Create | Archer |
| 25:58 | Create | Archer |
| 25:58 | Create | Archer |
| 25:59 | Create | Villager (Male) |
| 25:59 | Create | Villager (Male) |
| 26:01 | Create | Archer ×3 |
| 26:07 | Research | Fletching |
| 26:08 | Create | Villager (Male) |
| 26:12 | Build | House |
| 26:18 | Build | Gate |
| 26:20 | Create | Villager (Male) |
| 26:22 | Create | Archer ×2 |
| 26:22 | Create | Archer |
| 26:30 | Create | Villager (Male) |
Build order — Black Forest Gump
First 150 of 342 actions detected
| 0:13 | Build | Town Center |
| 1:33 | Build | House |
| 2:01 | Create | Villager (Male) |
| 2:02 | Create | Villager (Male) |
| 2:02 | Create | Villager (Male) |
| 2:02 | Create | Villager (Male) |
| 2:03 | Create | Villager (Male) |
| 2:42 | Research | Loom |
| 3:06 | Create | Villager (Male) |
| 3:06 | Create | Villager (Male) |
| 3:20 | Build | House |
| 3:25 | Build | House |
| 3:52 | Create | Villager (Male) |
| 3:53 | Create | Villager (Male) |
| 4:05 | Build | House |
| 4:42 | Build | Palisade Wall |
| 4:43 | Build | Palisade Wall |
| 4:44 | Build | Palisade Wall |
| 4:44 | Build | Palisade Wall |
| 4:46 | Build | Palisade Wall |
| 4:47 | Build | Palisade Wall |
| 4:48 | Build | Palisade Wall |
| 4:49 | Build | Palisade Wall |
| 4:50 | Build | Palisade Wall |
| 4:51 | Build | Palisade Wall |
| 4:55 | Create | Villager (Male) |
| 4:56 | Create | Villager (Male) |
| 4:56 | Create | Villager (Male) |
| 4:57 | Create | Villager (Male) |
| 5:04 | Create | Villager (Male) |
| 5:04 | Create | Villager (Male) |
| 6:20 | Create | Villager (Male) |
| 6:20 | Create | Villager (Male) |
| 6:21 | Create | Villager (Male) |
| 6:21 | Create | Villager (Male) |
| 6:25 | Build | House |
| 6:34 | Create | Villager (Male) |
| 6:34 | Create | Villager (Male) |
| 7:04 | Create | Villager (Male) |
| 7:04 | Create | Villager (Male) |
| 7:34 | Create | Villager (Male) |
| 7:34 | Create | Villager (Male) |
| 7:52 | Build | Palisade Wall |
| 8:05 | Create | Villager (Male) |
| 8:29 | Build | House |
| 8:55 | Build | Lumber Camp |
| 9:13 | Create | Villager (Male) |
| 9:13 | Create | Villager (Male) |
| 9:13 | Create | Villager (Male) |
| 9:14 | Create | Villager (Male) |
| 9:14 | Create | Villager (Male) |
| 9:58 | Build | Outpost |
| 10:03 | Build | Outpost |
| 10:26 | Build | Mill |
| 10:42 | Build | Mill |
| 10:47 | Create | Villager (Male) |
| 10:54 | Build | Palisade Wall |
| 11:23 | Research | Feudal Age |
| 11:30 | Build | Palisade Wall |
| 11:31 | Build | Palisade Wall |
| 11:43 | Build | House |
| 11:44 | Build | House |
| 12:42 | Build | Mining Camp |
| 13:11 | Build | Outpost |
| 13:27 | Create | Villager (Male) |
| 13:27 | Create | Villager (Male) |
| 13:27 | Create | Villager (Male) |
| 13:28 | Create | Villager (Male) |
| 13:28 | Create | Villager (Male) |
| 13:34 | Build | Outpost |
| 13:45 | Build | Outpost |
| 13:55 | Age | Feudal Age |
| 14:02 | Build | Market |
| 14:07 | Build | Blacksmith |
| 14:10 | Build | House |
| 14:14 | Build | Stone Wall |
| 15:06 | Build | Stone Wall |
| 15:32 | Build | Mining Camp |
| 15:44 | Build | Stone Wall |
| 15:51 | Research | Castle Age |
| 15:54 | Research | Stone Mining |
| 16:45 | Research | Horse Collar |
| 16:55 | Build | Farm |
| 16:56 | Build | Farm |
| 17:00 | Build | Farm |
| 17:04 | Build | Farm |
| 17:24 | Build | Farm |
| 17:32 | Build | Stone Wall |
| 18:06 | Build | Farm |
| 18:11 | Build | Farm |
| 18:22 | Build | Farm |
| 18:25 | Create | Villager (Male) |
| 18:40 | Age | Castle Age |
| 18:41 | Build | Farm |
| 18:43 | Create | Villager (Male) |
| 19:05 | Build | Farm |
| 19:16 | Create | Villager (Male) |
| 19:16 | Create | Villager (Male) |
| 19:18 | Build | Farm |
| 19:36 | Build | Castle |
| 19:42 | Build | Stone Wall |
| 19:48 | Create | Villager (Male) |
| 19:49 | Create | Villager (Male) |
| 20:02 | Build | House |
| 20:04 | Build | Stone Wall |
| 20:08 | Build | Gate |
| 20:24 | Create | Villager (Male) |
| 20:25 | Create | Villager (Male) |
| 20:26 | Create | Villager (Male) |
| 20:47 | Create | Villager (Male) |
| 20:52 | Create | Villager (Male) |
| 20:59 | Build | Gate |
| 21:31 | Create | Villager (Male) |
| 21:31 | Create | Villager (Male) |
| 21:40 | Build | Monastery |
| 21:49 | Create | Villager (Male) |
| 21:56 | Build | Stone Wall |
| 22:06 | Research | Double-Bit Axe |
| 22:27 | Create | Monk |
| 22:27 | Create | Monk |
| 22:48 | Build | Town Center |
| 23:16 | Create | Villager (Male) |
| 23:18 | Create | Villager (Male) |
| 23:25 | Create | Villager (Male) |
| 23:25 | Create | Villager (Male) |
| 23:26 | Create | Villager (Male) |
| 23:57 | Build | Farm |
| 24:00 | Build | Farm |
| 24:11 | Create | Villager (Male) |
| 24:17 | Build | Farm |
| 24:19 | Build | Farm |
| 24:21 | Build | Farm |
| 24:25 | Create | Monk |
| 24:37 | Build | Farm |
| 24:39 | Build | Farm |
| 24:42 | Build | Farm |
| 24:46 | Create | Villager (Male) |
| 25:04 | Create | Villager (Male) |
| 25:04 | Create | Villager (Male) |
| 25:07 | Build | Lumber Camp |
| 25:11 | Create | Villager (Male) |
| 25:19 | Build | Farm |
| 25:21 | Build | Farm |
| 25:22 | Build | Farm |
| 25:23 | Build | Farm |
| 25:24 | Build | Farm |
| 25:28 | Create | Villager (Male) |
| 25:45 | Build | Farm |
| 25:47 | Build | Farm |
| 25:48 | Build | Farm |
Match timeline
| 1:03 | 青隐 · wall_segment Palisade Wall x1 |
| 1:05 | YuhArtyKnow · wall_segment Palisade Wall x1 |
| 1:07 | 青隐 · wall_segment Palisade Wall x1 |
| 1:20 | YuhArtyKnow · wall_segment Palisade Wall x1 |
| 1:25 | YuhArtyKnow · wall_segment Palisade Wall x1 |
| 4:42 | Black Forest Gump · wall_segment Palisade Wall x3 |
| 4:43 | Black Forest Gump · wall_segment Palisade Wall x3 |
| 4:44 | Black Forest Gump · wall_segment Palisade Wall x1 |
| 4:44 | Black Forest Gump · wall_segment Palisade Wall x1 |
| 4:46 | Black Forest Gump · wall_segment Palisade Wall x1 |
| 4:47 | Black Forest Gump · wall_segment Palisade Wall x1 |
| 4:48 | Black Forest Gump · wall_segment Palisade Wall x1 |
| 4:49 | Black Forest Gump · wall_segment Palisade Wall x1 |
| 4:50 | Black Forest Gump · wall_segment Palisade Wall x1 |
| 4:51 | Black Forest Gump · wall_segment Palisade Wall x1 |
| 5:36 | M L F 6 · wall_segment Palisade Wall x3 |
| 6:12 | M L F 6 · wall_segment Palisade Wall x2 |
| 7:52 | Black Forest Gump · wall_segment Palisade Wall x1 |
| 8:35 | Frama · wall_segment Palisade Wall x1 |
| 10:29 | AC Adapter · first_building Barracks |
| 10:54 | Black Forest Gump · wall_segment Palisade Wall x8 |
| 11:30 | Black Forest Gump · wall_segment Palisade Wall x7 |
| 11:31 | Black Forest Gump · wall_segment Palisade Wall x1 |
| 11:34 | AC Adapter · age_up feudal |
| 11:36 | AC Adapter · first_building Archery Range |
| 12:36 | Frama · age_up feudal |
| 12:37 | M L F 6 · wall_segment Palisade Wall x5 |
| 12:50 | YuhArtyKnow · age_up feudal |
| 13:01 | 青隐 · wall_segment Palisade Wall x5 |
| 13:15 | 青隐 · wall_segment Palisade Wall x1 |
| 13:17 | 青隐 · wall_segment Palisade Wall x1 |
| 13:21 | 青隐 · wall_segment Palisade Wall x1 |
| 13:23 | 青隐 · wall_segment Palisade Wall x1 |
| 13:25 | 青隐 · wall_segment Palisade Wall x1 |
| 13:39 | M L F 6 · age_up feudal |
| 13:39 | 青隐 · age_up feudal |
| 13:39 | Frama · first_market_sell 100 wood |
| 13:41 | Frama · first_market_buy 100 food |
| 13:44 | JAxys · wall_segment Palisade Wall x1 |
| 13:47 | JAxys · wall_segment Palisade Wall x1 |
| 13:49 | JAxys · wall_segment Palisade Wall x1 |
| 13:50 | VanillaCoke · age_up feudal |
| 13:55 | Black Forest Gump · age_up feudal |
| 14:14 | Black Forest Gump · wall_segment Stone Wall x1 |
| 14:24 | M L F 6 · first_building Barracks |
| 14:33 | YuhArtyKnow · first_market_buy 100 food |
| 14:38 | 青隐 · wall_segment Palisade Wall x12 |
| 14:55 | VanillaCoke · first_market_sell 100 wood |
| 14:56 | JAxys · age_up feudal |
| 15:06 | Black Forest Gump · wall_segment Stone Wall x19 |
| 15:22 | AC Adapter · wall_segment Palisade Wall x13 |
| 15:28 | Frama · first_building Barracks |
| 15:34 | VanillaCoke · first_market_buy 100 food |
| 15:44 | Black Forest Gump · wall_segment Stone Wall x11 |
| 15:59 | AC Adapter · wall_segment Stone Wall x18 |
| 16:11 | JAxys · wall_segment Palisade Wall x14 |
| 16:14 | 青隐 · first_market_sell 100 wood |
| 16:22 | Frama · first_building Archery Range |
| 16:36 | Frama · age_up castle |
| 16:45 | JAxys · wall_segment Palisade Wall x7 |
| 16:47 | JAxys · wall_segment Palisade Wall x4 |
| 17:12 | 青隐 · wall_segment Palisade Wall x1 |
| 17:32 | Black Forest Gump · wall_segment Stone Wall x3 |
| 17:34 | YuhArtyKnow · age_up castle |
| 17:35 | VanillaCoke · age_up castle |
| 18:07 | 青隐 · wall_segment Palisade Wall x10 |
| 18:15 | Frama · wall_segment Palisade Wall x8 |
| 18:31 | JAxys · age_up castle |
| 18:31 | M L F 6 · wall_segment Palisade Wall x2 |
| 18:37 | M L F 6 · wall_segment Palisade Wall x3 |
| 18:40 | Black Forest Gump · age_up castle |
| 18:55 | 青隐 · age_up castle |
| 19:07 | 青隐 · first_building Castle |
| 19:12 | JAxys · wall_segment Palisade Wall x1 |
| 19:30 | 青隐 · wall_segment Stone Wall x9 |
| 19:34 | M L F 6 · first_market_sell 500 wood |
| 19:36 | Black Forest Gump · first_building Castle |
| 19:38 | M L F 6 · first_market_buy 100 food |
| 19:42 | Black Forest Gump · wall_segment Stone Wall x17 |
| 19:51 | 青隐 · wall_segment Palisade Wall x1 |
| 20:04 | Black Forest Gump · wall_segment Stone Wall x1 |
| 20:51 | VanillaCoke · first_building Barracks |
| 21:14 | M L F 6 · first_building Archery Range |
| 21:40 | Black Forest Gump · first_building Monastery |
| 21:43 | VanillaCoke · first_building Monastery |
| 21:45 | YuhArtyKnow · wall_segment Palisade Wall x1 |
| 21:46 | YuhArtyKnow · wall_segment Palisade Wall x1 |
| 21:56 | Black Forest Gump · wall_segment Stone Wall x4 |
| 22:17 | VanillaCoke · first_building Archery Range |
| 22:28 | JAxys · first_building Castle |
| 22:36 | M L F 6 · age_up castle |
| 22:42 | M L F 6 · first_building Siege Workshop |
| 22:55 | JAxys · first_market_buy 100 wood |
| 23:16 | AC Adapter · first_market_buy 100 food |
| 23:17 | AC Adapter · first_market_sell 100 wood |
| 23:34 | 青隐 · wall_segment Stone Wall x1 |
| 23:39 | M L F 6 · first_building Castle |
| 23:40 | YuhArtyKnow · first_building Barracks |
| 23:47 | Frama · first_building Stable |
| 24:19 | 青隐 · wall_segment Stone Wall x9 |
| 25:47 | YuhArtyKnow · first_market_sell 100 wood |
| 26:00 | YuhArtyKnow · first_building Castle |
| 27:06 | M L F 6 · first_building Monastery |
| 27:19 | JAxys · wall_segment Stone Wall x5 |
| 28:07 | AC Adapter · age_up castle |
| 28:17 | AC Adapter · first_building Siege Workshop |
| 28:34 | JAxys · first_building Barracks |
| 28:39 | 青隐 · first_market_buy 100 stone |
| 28:53 | 青隐 · first_building Monastery |
| 29:14 | JAxys · wall_segment Stone Wall x16 |
| 29:46 | JAxys · first_market_sell 100 wood |
| 30:07 | Frama · first_building Castle |
| 30:48 | Black Forest Gump · age_up imperial |
| 31:33 | AC Adapter · first_building Castle |
| 32:38 | Frama · first_building Monastery |
| 32:45 | Black Forest Gump · wall_segment Stone Wall x7 |
| 32:48 | 青隐 · wall_segment Stone Wall x4 |
| 33:02 | VanillaCoke · first_building Castle |
| 33:22 | JAxys · age_up imperial |
| 33:40 | 青隐 · wall_segment Stone Wall x12 |
| 33:51 | 青隐 · wall_segment Stone Wall x14 |
| 34:04 | Frama · wall_segment Stone Wall x1 |
| 35:07 | AC Adapter · first_building Stable |
| 35:10 | 青隐 · first_building Barracks |
| 35:27 | M L F 6 · age_up imperial |
| 35:51 | VanillaCoke · wall_segment Palisade Wall x1 |
| 35:51 | YuhArtyKnow · age_up imperial |
| 35:52 | VanillaCoke · wall_segment Palisade Wall x1 |
| 35:54 | VanillaCoke · wall_segment Palisade Wall x1 |
| 36:03 | AC Adapter · age_up imperial |
| 36:09 | Frama · age_up imperial |
| 36:22 | 青隐 · age_up imperial |
| 36:24 | Black Forest Gump · wall_segment Stone Wall x11 |
| 36:27 | JAxys · wall_segment Stone Wall x1 |
| 36:35 | 青隐 · wall_segment Stone Wall x10 |
| 37:37 | 青隐 · wall_segment Stone Wall x1 |
| 37:51 | Black Forest Gump · wall_segment Stone Wall x22 |
| 37:55 | VanillaCoke · age_up imperial |
| 37:59 | Black Forest Gump · wall_segment Stone Wall x13 |
| 41:19 | VanillaCoke · first_building Siege Workshop |
| 41:28 | 青隐 · wall_segment Palisade Wall x14 |
| 41:37 | M L F 6 · wall_segment Stone Wall x11 |
| 41:41 | M L F 6 · wall_segment Stone Wall x4 |
| 41:43 | M L F 6 · wall_segment Stone Wall x2 |
| 41:45 | M L F 6 · wall_segment Stone Wall x4 |
| 42:44 | Black Forest Gump · first_building Barracks |
| 43:25 | YuhArtyKnow · tribute_sent a jugador 2 |
| 43:25 | YuhArtyKnow · tribute_sent a jugador 3 |
| 43:25 | YuhArtyKnow · tribute_sent a jugador 4 |
| 43:25 | YuhArtyKnow · tribute_sent a jugador 5 |
| 43:25 | YuhArtyKnow · tribute_sent a jugador 6 |
| 43:25 | YuhArtyKnow · tribute_sent a jugador 7 |
| 43:25 | YuhArtyKnow · tribute_sent a jugador 8 |
| 43:52 | Black Forest Gump · first_building Stable |
| 44:29 | VanillaCoke · wall_segment Palisade Wall x1 |
| 45:16 | M L F 6 · wall_segment Stone Wall x1 |
| 45:17 | M L F 6 · wall_segment Stone Wall x1 |
| 45:21 | M L F 6 · wall_segment Stone Wall x1 |
| 45:21 | 青隐 · wall_segment Stone Wall x14 |
| 45:35 | 青隐 · wall_segment Stone Wall x17 |
| 46:06 | AC Adapter · resign |
[ AI ANALYSIS · 1 CREDIT ]
What really happened in this match?
Wolo.gg analyzes every decision: build order, eco, micro, common mistakes by bracket. Personalized analysis on WhatsApp or Discord in 30 seconds.
Civ guide
Vikings
Map guide
Land Nomad
Perfil
M L F 6